 Dungeon Crawl Stone Soup version 0.17.2-1-ge4368a0 (webtiles) character file.

10818 magog001 the Blocker (level 12, -7/88 HPs)
             Began as a Formicid Fighter on Sept 30, 2016.
             Mangled by a large abomination (21 damage)
             ... on level 1 of the Abyss.
             The game lasted 01:45:41 (12428 turns).

magog001 the Blocker (Formicid Fighter)            Turns: 12428, Time: 01:45:42

Health: -7/88      AC: 16    Str: 24    XL:     12   Next: 0%
Magic:  0/12       EV: 17    Int:  8    God:
Gold:   707        SH: 19    Dex: 12    Spells: 0 memorised, 11 levels left

rFire  . . .     SeeInvis +     S - +4 falchion
rCold  . . .     Clarity  .     p - +2 ring mail of the Cicada {rPois}
rNeg   + . .     SustAt   .     I - +0 large shield
rPois  +         Gourm    .     (helmet unavailable)
rElec  +         Spirit   +     f - +0 cloak of Royalty {rElec rN+ MR+} (curse)
rCorr  .         Warding  .     (no gloves)
rMut   .         Stasis   +     A - +2 pair of boots
MR     ++...                    X - amulet of guardian spirit
Stlth  +.........               j - +4 ring of evasion
                                v - +2 ring of protection

@: very resistant to hostile enchantments, very unstealthy
A: permanent stasis, dig shafts and tunnels, four strong arms, antennae 3
a: Dig, Shaft Self


You were on level 1 of the Abyss.
You were not hungry.

You visited 1 branch of the dungeon, and saw 10 of its levels.
You visited the Abyss 1 time.

You collected 707 gold pieces.

Inventory:

Hand Weapons
 h - a +1 dagger of draining
 o - a +3 dire flail
 q - a +3 dagger
 u - a +2 falchion of electrocution
 x - a +1 scimitar of freezing
 E - a +1 mace of holy wrath
 H - a +3 dagger
 K - a +5 dagger of protection
 S - a +4 falchion (weapon)
 U - a +0 falchion of slicing
Missiles
 m - 47 poisoned needles
 W - 3 tomahawks (quivered)
 Z - 7 arrows of frost
Armour
 f - the cursed +0 cloak of Royalty (worn) {rElec rN+ MR+}
   (You found it on level 10 of the Dungeon)

   It insulates you from electricity.
   It protects you from negative energy.
   It affects your resistance to hostile enchantments.
   It has a curse placed upon it.
 p - the +2 ring mail of the Cicada (worn) {rPois}
   (You found it on level 7 of the Dungeon)

   It protects you from poison.
 A - a +2 pair of boots (worn)
 I - a +0 large shield (worn)
 V - a +0 cloak
Magical Staves
 c - an uncursed staff of summoning {unknown}
Jewellery
 j - a +4 ring of evasion (right hand)
 v - a +2 ring of protection (left hand)
 X - an amulet of guardian spirit (around neck)
Wands
 d - a wand of lightning (2)
 k - a wand of disintegration (0)
 J - a wand of digging (13)
 L - a wand of frost (31)
 Y - a wand of fire (4)
Scrolls
 g - 3 scrolls of fog
 B - 3 scrolls of magic mapping
 M - 6 scrolls of teleportation
 O - 3 scrolls of amnesia
 P - 3 scrolls of identify
 Q - a scroll of blinking
Potions
 a - a potion of flight
 e - a potion of might
 l - 3 potions of curing
 s - 2 potions of haste
Books
 C - a book of Dreams

   Spells                             Type                      Level
   a - Ensorcelled Hibernation        Hexes/Ice                    2
   b - Phase Shift                    Translocation                5
   c - Shadow Creatures               Summoning                    5
   d - Silence                        Hexes/Air                    5
   e - Darkness                       Hexes                        6
   f - Mass Confusion                 Hexes                        6
 N - a book of Burglary

   Spells                             Type                      Level
   a - Swiftness                      Charms/Air                   2
   b - Passwall                       Transmutation/Earth          3
   c - Passage of Golubria            Translocation                4
   d - Lee's Rapid Deconstruction     Earth                        5
   e - Darkness                       Hexes                        6
   f - Invisibility                   Hexes                        6
Comestibles
 b - a meat ration
 i - 2 beef jerkies
 n - 4 fruits
 r - 6 bread rations
 w - 7 slices of pizza


   Skills:
 + Level 6.2 Fighting
 + Level 1.5(4.9) Short Blades
 * Level 7.5(7.6) Long Blades
 + Level 1.3 Throwing
 * Level 9.7 Armour
 + Level 6.1 Dodging
 + Level 2.0 Stealth
 * Level 13.4 Shields
 + Level 1.0 Evocations


You had 11 spell levels left.
You didn't know any spells.

Dungeon Overview and Level Annotations

Branches:
Dungeon (10/15)            Temple (0/1) D:7
   Lair: D:8-11         Orc: D:9-12

Altars:
Cheibriados
Dithmenos
Elyvilon
Fedhas
Makhleb
Nemelex Xobeh
Ru
Sif Muna

Annotations:
D:10 Sonja


Innate Abilities, Weirdness & Mutations

You are under a permanent stasis effect.
You can dig through walls and to a lower floor.
Your four strong arms can wield two-handed weapons with a shield.
You have a pair of large antennae on your head (SInv).


Message History

The large abomination is lightly damaged.
You block the large abomination's attack.
The large abomination completely misses you.
You hit the large abomination but do no damage.
The large abomination is lightly damaged.
The large abomination misses you.
You hit the large abomination but do no damage.
The large abomination is lightly damaged.
You block the large abomination's attack.
You barely miss the large abomination.
The large abomination is lightly damaged.
The large abomination closely misses you.
You hit the large abomination but do no damage.
The large abomination is lightly damaged.
The large abomination hits you!!
* * * LOW HITPOINT WARNING * * *
You slash the large abomination!
The large abomination is moderately damaged.
The large abomination hits you!!
You die...

#≈ ≈. .
##. ..
..# ..#
.. ...# .
.#≈.... .
##X......
≈
#@##.###
#≈ # #
##...# .
# # . .
##..###
##. # .
≈≈
.#.##.#
#. .. #.
#.. #
.W.## ##
.# . ..#
.. ..
##.. ≈#
.. .# #
.#


You could see a large abomination.

Vanquished Creatures
  Harold (D:10)
  A queen ant (D:10)
  The ghost of jacquesderrida the Grappler, a novice VSWn of Cheibriados (D:9)
  2 hill giants
  Joseph (D:10)
  Prince Ribbit (D:7)
  A deep elf mage (D:10)
  The ghost of magog001 the Ducker, an amateur OpTm of Nemelex Xobeh (D:4)
  A troll (D:9)
  A wraith (Abyss:1)
  A spriggan (D:8)
  A hippogriff (D:8)
  14 soldier ants (D:10)
  A hungry ghost (D:7)
  A water moccasin (D:9)
  2 small abominations (Abyss:1)
  Duvessa (D:7)
  6 orc warriors
  3 phantoms
  A centaur (D:9)
  4 sky beasts
  2 ice beasts
  A wasp (D:10)
  2 ogres
  A large abomination (Abyss:1)
  4 giant frogs
  A water moccasin zombie (D:10)
  6 scorpions
  Dowan (D:7)
  A water moccasin skeleton (D:6)
  4 wights
  2 centaur zombies
  4 crimson imps
  The ghost of jacquesderrida the Magician, a weakling VSWn (D:3)
  3 hounds
  4 jellies
  A giant frog skeleton (D:4)
  A giant frog zombie (D:6)
  2 iguanas
  2 orc wizards
  38 worker ants
  A hound zombie (D:9)
  2 human simulacra (D:9)
  2 hound skeletons
  A worker ant zombie (D:9)
  6 gnolls
  An adder (D:7)
  4 shadow imps
  2 adder skeletons
  3 worms (D:2)
  12 giant geckos
  27 orcs
  2 ball pythons
  8 giant cockroaches
  5 goblins
  5 hobgoblins
  10 jackals
  3 quokkas
  9 bats
  2 giant newts
  7 kobolds
  9 rats
248 creatures vanquished.

Notes
Turn   | Place    | Note
--------------------------------------------------------------
     0 | D:1      | magog001 the Formicid Fighter began the quest for the Orb.
     0 | D:1      | Reached XP level 1. HP: 18/18 MP: 1/1
   119 | D:1      | Reached XP level 2. HP: 13/24 MP: 2/2
  1004 | D:1      | Reached XP level 3. HP: 29/29 MP: 3/3
  1481 | D:2      | Reached skill level 4 in Shields
  2525 | D:2      | Reached XP level 4. HP: 36/36 MP: 4/4
  2728 | D:3      | Noticed jacquesderrida's ghost (weakling VSWn)
  2757 | D:3      | Killed jacquesderrida's ghost
  2943 | D:3      | Found a snail-covered altar of Cheibriados.
  2943 | D:3      | Found a blossoming altar of Fedhas.
  3092 | D:3      | Reached skill level 1 in Dodging
  3092 | D:3      | Reached XP level 5. HP: 34/42 MP: 5/5
  3110 | D:3      | Noticed a sky beast
  3144 | D:3      | Killed a sky beast
  3144 | D:3      | Reached skill level 1 in Short Blades
  3144 | D:3      | Reached skill level 5 in Shields
  3144 | D:3      | Reached XP level 6. HP: 36/48 MP: 6/6
  3161 | D:3      | Found a sparkling altar of Nemelex Xobeh.
  3784 | D:4      | Found a burning altar of Makhleb.
  3907 | D:4      | Found a deep blue altar of Sif Muna.
  3907 | D:4      | Noticed magog001's ghost (amateur OpTm)
  3968 | D:4      | Killed magog001's ghost
  3968 | D:4      | Reached skill level 5 in Armour
  3968 | D:4      | Reached skill level 6 in Shields
  3968 | D:4      | Reached XP level 7. HP: 34/53 MP: 7/7
  4565 | D:4      | Found a burning altar of Makhleb.
  4719 | D:5      | Entered Level 5 of the Dungeon
  4986 | D:5      | Reached XP level 8. HP: 46/60 MP: 8/8
  5023 | D:5      | Reached skill level 7 in Shields
  5829 | D:6      | Reached skill level 8 in Shields
  6249 | D:7      | Noticed Prince Ribbit
  6249 | D:7      | Noticed Dowan
  6251 | D:7      | Noticed Duvessa
  6319 | D:6      | Reached XP level 9. HP: 64/66 MP: 9/9
  6474 | D:7      | Got a jet-encrusted ring mail
  6485 | D:7      | Identified the +2 ring mail of the Cicada {rPois} (You found it on level 7 of the Dungeon)
  6514 | D:7      | Found a staircase to the Ecumenical Temple.
  6642 | D:7      | Reached skill level 9 in Shields
  6652 | D:7      | Killed Dowan
  6702 | D:7      | Killed Duvessa
  6899 | D:7      | Killed Prince Ribbit
  6899 | D:7      | Reached skill level 1 in Stealth
  7079 | D:7      | Found a shadowy altar of Dithmenos.
  8099 | D:8      | Reached skill level 10 in Shields
  8099 | D:8      | Reached XP level 10. HP: 73/73 MP: 10/10
  8333 | D:8      | Reached skill level 5 in Fighting
  8410 | D:8      | Found a sacrificial altar of Ru.
  9051 | D:9      | Found a white marble altar of Elyvilon.
  9051 | D:9      | Noticed a hill giant
  9062 | D:9      | Killed a hill giant
  9062 | D:9      | Reached skill level 5 in Long Blades
  9062 | D:9      | Reached skill level 5 in Dodging
  9221 | D:9      | Reached skill level 1 in Throwing
  9341 | D:9      | Noticed jacquesderrida's ghost (novice VSWn)
  9386 | D:9      | Killed jacquesderrida's ghost
  9386 | D:9      | Reached skill level 11 in Shields
 10285 | D:10     | Entered Level 10 of the Dungeon
 10635 | D:10     | Reached XP level 11. HP: 80/80 MP: 7/11
 10705 | D:10     | Noticed a hill giant
 10757 | D:10     | Killed a hill giant
 10757 | D:10     | Reached skill level 12 in Shields
 10930 | D:10     | Noticed a queen ant
 10973 | D:10     | Killed a queen ant
 10973 | D:10     | Reached skill level 1 in Evocations
 11804 | D:10     | Reached skill level 13 in Shields
 11931 | D:10     | Noticed Harold
 11964 | D:10     | Killed Harold
 12060 | D:10     | Got a crude cloak
 12072 | D:10     | Identified the cursed +0 cloak of Royalty {rElec rN+ MR+} (You found it on level 10 of the Dungeon)
 12078 | D:10     | Noticed Joseph
 12098 | D:10     | Killed Joseph
 12109 | D:10     | Noticed Sonja
 12133 | D:10     | Cast into the Abyss (Sonja)
 12155 | Abyss:1  | Found a corrupted altar of Lugonu.
 12382 | Abyss:1  | Reached XP level 12. HP: 38/88 MP: 8/12
 12419 | Abyss:1  | Noticed a large abomination
 12428 | Abyss:1  | Mangled by a large abomination

Action                   |  1- 3 |  4- 6 |  7- 9 | 10-12 || total
-------------------------+-------+-------+-------+-------++-------
Melee: Long sword        |    19 |       |       |       ||    19
       Dagger            |   111 |   216 |    72 |       ||   399
       Falchion          |       |       |   319 |   817 ||  1136
Throw: Stone             |     1 |     1 |    12 |     2 ||    16
       Tomahawk          |       |     5 |     4 |    10 ||    19
 Abil: Dig               |     1 |       |       |       ||     1
Evoke: Wand              |       |       |     3 |     4 ||     7
  Use: Scroll            |     2 |       |     7 |     7 ||    16
       Potion            |       |       |     9 |     5 ||    14
  Eat: Bread ration      |     1 |       |     1 |     1 ||     3
       Chunk             |       |     6 |    10 |     4 ||    20
       Pizza             |       |       |     1 |     2 ||     3
       Royal jelly       |       |       |     1 |       ||     1
       Meat ration       |       |       |       |     1 ||     1
